 Dungeon Crawl Stone Soup version 0.31-a0-840-g6d2ecbb638 (webtiles) character file.

Game seed: 12850248666564881652

904 BinkBink the Changeling (level 8, 0/81 HPs)
             Began as an Octopode Shapeshifter on Sept 27, 2023.
             Succumbed to a killer bee's poison
             ... on level 7 of the Dungeon.
             The game lasted 00:06:21 (3856 turns).

BinkBink the Changeling (Octopode Shapeshifter)     Turns: 3856, Time: 00:06:22

Health: 0/81       AC: 24    Str: 13    XL:     8   Next: 8%
Magic:  1/8        EV:  2    Int: 12    God:
Gold:   228        SH:  0    Dex: 14    Spells: 7/7 levels left

rFire   . . .        s - +2 scythe (protect)
rCold   . . .        (shield currently unavailable)
rNeg    . . .        (helmet currently unavailable)
rPois   +            e - amulet of guardian spirit
rElec   .            (no ring)
rCorr   .            (no ring)
SInv    .            (no ring)
Will    .....        (no ring)
Stlth   +            (no ring)
HPRegen 0.33/turn    (no ring)
MPRegen 0.11/turn    (no ring)
                     (no ring)

%: guardian spirit
@: lethally poisoned (0 -> -13), tree-form, attractive
A: stationary, stasis, torment immunity, boosted hp, almost no armour,
(amphibious), 8 rings, (camouflage 1), (gelatinous body 1), (nimble swimmer 1),
(tentacles)
a: no special abilities


You were on level 7 of the Dungeon.
You were a tree.
You visited 1 branch of the dungeon, and saw 6 of its levels.

You collected 228 gold pieces.

Inventory:

Hand Weapons
 k - a +2 dagger of venom
 s - a +2 scythe of protection (weapon)
Missiles
 q - 2 throwing nets
Jewellery
 e - an amulet of guardian spirit (around neck)
 r - an amulet of the acrobat
 u - a ring of positive energy
 v - an amulet of reflection
 x - a ring of protection from cold
Talismans
 b - a beast talisman
 c - a flux talisman
Wands
 z - a wand of iceblast (10)
Scrolls
 f - 3 scrolls of identify {unknown}
 g - 2 scrolls of poison {unknown}
 i - a scroll of revelation {unknown}
 l - 2 scrolls of amnesia {unknown}
 n - 6 scrolls of teleportation {unknown}
 o - a scroll of noise {unknown}
 p - 2 scrolls of silence {unknown}
 w - a scroll of vulnerability {unknown}
 y - a scroll of torment {unknown}
Potions
 a - a potion of lignification
 h - a potion of berserk rage {unknown}
 j - a potion of heal wounds {unknown}
 m - a potion of haste {unknown}
 t - a potion of curing {unknown}


   Skills:
 + Level 4.3 Fighting
 + Level 2.9 Polearms
 + Level 4.8 Dodging
 - Level 4.2 Unarmed Combat
 + Level 5.0 Shapeshifting


You had 7 spell levels left.
You didn't know any spells.
Your spell library was empty.

Dungeon Overview and Level Annotations

Branches:
Dungeon (8/15)
 Temple: D:4-7         Lair: D:8-11

Altars:
Nemelex Xobeh
Xom
Zin

Shops:
D:2 (


Innate Abilities, Weirdness & Mutations

You are a tree.
Your roots penetrate the ground, keeping you stationary.
You cannot be teleported.
You are immune to unholy pain and torment.
Your maximum health is greatly increased.
You cannot wear most types of armour.
((You are amphibious.))
You can wear up to eight rings at the same time.
((Your skin changes colour to match your surroundings (Stealth+).))
((Your rubbery body absorbs attacks. (AC +1, EV +1)))
((You are camouflaged when in or above water. (Stealth+)))
((You have tentacles for arms and can constrict up to eight enemies at once.))


Message History

A killer bee comes into view. x2
You closely miss the killer bee. Your grab misses the killer bee.
The killer bee stings you!
You closely miss the killer bee. Your grab misses the killer bee.
You squeeze the killer bee!
The killer bee is severely wounded.
The killer bee stings you but does no damage.
The killer bee barely misses you. The killer bee closely misses you.
The killer bee stings you. x2
A killer bee comes into view.
The killer bee attacks as it pursues you!
The killer bee barely misses you. The killer bee stings you!
The killer bee stings you. The killer bee closely misses you.
The killer bee attacks as it pursues you!
The killer bee closely misses you. The killer bee barely misses you.
There is a stone staircase leading up here.
The killer bee stings you! The killer bee closely misses you.
The killer bee completely misses you. The killer bee stings you.
The killer bee closely misses you.
You climb upwards.
There is a stone staircase leading down here.
The killer bee closely misses you. x2; The killer bee stings you.
The killer bee misses you.
You closely miss the killer bee. Your grab misses the killer bee.
Your squeeze misses the killer bee. The killer bee stings you!
* * * LOW HITPOINT WARNING * * *
You are poisoned.
The killer bee poisons you! The killer bee completely misses you.
The killer bee stings you!
* * * LOW HITPOINT WARNING * * *
You are more poisoned.
The killer bee poisons you!
Your transformation has ended.
You turn into a tree.
Your roots penetrate the ground.
* * * LOW HITPOINT WARNING * * *
You feel very sick.
The killer bee stings you but does no damage. x2
It was a potion of attraction.
You feel attractive to monsters.
You die...

#.# #....#....#...##...# #. #.#
#...#..##..#...#...# #. #.#
#..#...##...#..#...###) #.#
#.#..........#)#...)... #.#
#.###...'....#.).......
#.########.###...###.##.........
#.#......#.......<#...#.....#+##
#.#......##########.....#.......
#.'......'.....♣yy....#.#.....##
####......########.#..#..#.#####
......##### #.#.....#.###
.####.# #.##........# .#
#.############.##......#.# .#
#............#.###.....#.# #
.######....#####.#.....#...#.# #
......#....# #.#######<..#.####
#####.#....# #.# #...)........'


You could see 2 killer bees.

Vanquished Creatures
  Sigmund (D:2)
  An ogre (D:7)
  2 bullfrogs (D:7)
  A kobold brigand (D:7)
  3 howler monkeys (D:7)
  2 orc priests
  An iguana (D:7)
  3 orc wizards (D:7)
  9 gnolls
  An adder (D:2)
  A shadow imp (D:7)
  2 dart slugs
  10 orcs
  8 ball pythons
  6 bats
  5 endoplasms
  2 giant cockroaches
  4 hobgoblins
  5 jackals
  6 kobolds
  A quokka (D:2)
  4 frilled lizards
  6 goblins
  5 rats
89 creatures vanquished.

Notes
Turn   | Place    | Note
-------+----------+-------------------------------------------
     0 | D:1      | BinkBink the Octopode Shapeshifter began the quest for the
                  | Orb.
     0 | D:1      | Reached XP level 1. HP: 13/13 MP: 1/1
    88 | D:1      | Reached XP level 2. HP: 18/18 MP: 2/2
   401 | D:1      | Reached XP level 3. HP: 23/23 MP: 3/3
  1146 | D:2      | Found a faded altar of an unknown god.
  1290 | D:2      | Reached XP level 4. HP: 18/29 MP: 4/4
  1624 | D:2      | Reached XP level 5. HP: 33/34 MP: 5/5
  1824 | D:2      | Found Weixtus's Weapon Shop.
  1873 | D:2      | Noticed Sigmund
  1902 | D:2      | Killed Sigmund
  1903 | D:2      | Reached skill level 4 in Shapeshifting
  1903 | D:2      | Reached XP level 6. HP: 28/42 MP: 4/6
  2135 | D:3      | Found a shimmering altar of Xom.
  2148 | D:3      | Found a glowing silver altar of Zin.
  2397 | D:3      | Found a sparkling altar of Nemelex Xobeh.
  2733 | D:4      | You fall into a shaft and drop 3 floors!
  2765 | D:7      | Reached skill level 1 in Polearms
  2796 | D:7      | Reached XP level 7. HP: 14/46 MP: 1/7
  3526 | D:7      | Reached skill level 5 in Shapeshifting
  3526 | D:7      | Reached XP level 8. HP: 37/54 MP: 5/8
  3855 | D:7      | HP: 4/81 [poisoned by a killer bee]
  3856 | D:7      | Succumbed to a killer bee's poison

Illustrated notes

Levels and vault maps discovered:
D:1:      matt_arrival_diagonals, layout_basic, minmay_pentomino_q2
D:2:      layout_basic, hellmonk_ecumenical_altar_prayer_group, serial_shops,
          shop, minmay_misc_feat_rugged, uniq_sigmund
D:3:      layout_basic, mainiacjoe_overflow_paths, xom_teletrap_fun,
          zin_academy, wad_woods_river_04, hangedman_feature_mirror
D:4:      layout_rooms, general_overflow_altar, st_stairs_1
D:7:      layout_basic, minivault_26
D:8:      minmay_statue_hallways, layout_basic, serial_shops,
          nicolae_take_the_stairs, shop, minivault_25, grunt_decor_cap,
          nicolae_grassy_gnolls, uniq_grum, uniq_erica

Skill      XL: |  1  2  3  4  5  6  7 |
---------------+----------------------+-----
Fighting       | 2 3 4 |  4.3
Dodging        | 3 4 |  4.8
Unarmed Combat | 4 |  4.2
Shapeshifting  | 4 5 |  5.0
Polearms       | 1 2 |  2.9

Action                     |  1- 3 |  4- 6 |  7- 9 || total
---------------------------+-------+-------+-------++-------
  Melee: Unarmed           |    71 |    20 |       ||    91
         Constrict         |    20 |    19 |    10 ||    49
         Punch             |     2 |     3 |     3 ||     8
         Tentacles         |    11 |    15 |     9 ||    35
         Dagger            |       |     8 |       ||     8
         Halberd           |       |    54 |    48 ||   102
    Use: Potion            |       |       |     2 ||     2
   Stab: Sleeping          |     7 |     7 |       ||    14
         Distracted        |     1 |       |       ||     1
 Armour: Skin              |    27 |    21 |    31 ||    79
  Dodge: Dodged            |    52 |    24 |    38 ||   114

Table legend: (Time is in decaauts)
 A = Elapsed time spent in this place.
 B = Non-inter-level travel time spent in this place.
 C = Inter-level travel time spent in this place.
 D = Time resting spent in this place.
 E = Time spent auto-exploring this place.
 F = Levels seen in this place.
 G = Mean time per level.
                   A        B        C        D        E       F      G
               +--------+--------+--------+--------+--------+-----+--------+
         Total |   3892 |   3718 |    174 |      0 |   3077 |   6 |  648.7 |
       Dungeon |   3892 |   3718 |    174 |      0 |   3077 |   6 |  648.7 |
               +--------+--------+--------+--------+--------+-----+--------+

Top non-repeatable levels by time:
     D:7: 1140 daAuts
     D:2: 1080 daAuts
     D:1: 1018 daAuts
     D:3: 599 daAuts
     D:4: 45 daAuts
     D:8: 8 daAuts
